 Dungeon Crawl Stone Soup version 0.26-a0-606-g3c8f2f6 (webtiles) character file.

Game seed: 377664581359085588

72 ClockworkOrrery the Skirmisher (level 4, 0/30 HPs)
             Began as a Gargoyle Fighter on Sept 1, 2020.
             Killed by divine providence
             ... invoked by an orc priest
              (11 damage)
             ... on level 3 of the Dungeon.
             The game lasted 00:02:15 (1756 turns).

ClockworkOrrery the Skirmisher (Gargoyle Fighter)   Turns: 1756, Time: 00:02:15

Health: 0/30       AC: 10    Str: 20    XL:     4   Next: 26%
Magic:  4/4        EV:  7    Int:  9    God:
Gold:   94         SH:  9    Dex:  9    Spells: 3/3 levels left

rFire    . . .     SeeInvis .   a - +0 flail
rCold    . . .     Faith    .   c - +0 kite shield
rNeg     + . .     Spirit   .   b - +0 scale mail
rPois    ∞         Reflect  .   (no helmet)
rElec    +         Harm     .   (no cloak)
rCorr    .                      (no gloves)
MR       .....                  (no boots)
Stlth    ..........             (no amulet)
HPRegen  0.10/turn              (no ring)
MPRegen  0.09/turn              (no ring)

@: no status effects
A: negative energy resistance 1, electricity resistance, unbreathing,
petrification resistance, rot immunity, AC +3
a: no special abilities


You were on level 3 of the Dungeon.
You visited 1 branch of the dungeon, and saw 3 of its levels.

You collected 94 gold pieces.

Inventory:

Hand Weapons
 a - a +0 flail (weapon)
Armour
 b - a +0 scale mail (worn)
 c - a +0 kite shield (worn)
Jewellery
 p - an uncursed ring of poison resistance {unknown}
Wands
 n - a wand of enslavement (8)
Scrolls
 e - a scroll of remove curse {unknown}
 i - a scroll of identify {unknown}
 k - a scroll of enchant weapon {unknown}
 l - a scroll of enchant armour {unknown}
 o - a scroll of noise {unknown}
 q - a scroll of blinking {unknown}
Potions
 d - a potion of might
 f - a potion of cancellation {unknown}
 g - a potion of heal wounds {unknown}
 h - a potion of magic {unknown}
 j - 3 potions of stabbing {unknown}
 m - 2 potions of haste {unknown}
 r - 2 potions of curing {unknown}


   Skills:
 * Level 4.9 Fighting
 + Level 2.9 Maces & Flails
 - Level 3.2 Armour
 - Level 3.2 Shields


You had 3 spell levels left.
You didn't know any spells.
Your spell library was empty.

Dungeon Overview and Level Annotations

Branches:
Dungeon (3/15)

Altars:
Xom


Innate Abilities, Weirdness & Mutations

You are resistant to torment.
Your stone body is resilient. (AC +3)
You are immune to poison.
You resist negative energy. (rN+)
You are resistant to electric shocks. (rElec)
You can survive without breathing.
You are immune to petrification.
You are immune to rotting.


Message History

The orc priest hits you but does no damage.
You hit the orc priest.
The orc priest is moderately wounded.
The orc priest hits you with a +0 dagger.
The orc priest hits you but does no damage.
You barely miss the orc priest.
The orc priest is moderately wounded.
The orc priest looks encouraged for a moment.
Your shield prevents you from hitting the orc priest.
The orc priest is moderately wounded.
The orc priest barely misses you.
You hit the orc priest but do no damage.
The orc priest is moderately wounded.
The orc priest hits you but does no damage.
You block the orc priest's attack.
You closely miss the orc priest.
The orc priest is moderately wounded.
The orc priest calls down the wrath of Beogh upon you.
Beogh smites you!
You die...

#.# #.#
###.# #.#
#<..# #.#
#.### #.#
#.# #.#
#.# #.###
#.# #.#..
#.# #.#g#
..# #@#.#
#.#
#o#.####..
#oo....oo.
###.###..o
.# .# .#
.# o#


You could see an orc priest and 2 orcs.

Vanquished Creatures
  2 adders
  A worm (D:2)
  3 dart slugs
  3 orcs (D:3)
  6 bats
  2 giant cockroaches
  8 goblins
  3 hobgoblins
  A quokka (D:2)
  2 frilled lizards
  6 kobolds
  4 rats (D:1)
41 creatures vanquished.

Notes
Turn   | Place    | Note
-------+----------+-------------------------------------------
     0 | D:1      | ClockworkOrrery the Gargoyle Fighter began the quest for
                  | the Orb.
     0 | D:1      | Reached XP level 1. HP: 14/14 MP: 1/1
   273 | D:1      | Reached XP level 2. HP: 20/20 MP: 2/2
   560 | D:1      | Reached skill level 4 in Fighting
   849 | D:1      | Reached XP level 3. HP: 24/24 MP: 3/3
  1037 | D:2      | Found a shimmering altar of Xom.
  1741 | D:3      | Reached XP level 4. HP: 30/30 MP: 4/4
  1756 | D:3      | Killed from afar by an orc priest

Illustrated notes

Levels and vault maps discovered:
D:1:      heliophobic_arrival_glass_houses, layout_basic, nrook_mini_backslash,
          hangedman_decor_slide_cut, minmay_tromino_v4_c
D:2:      layout_basic, lemuel_statue_altar
D:3:      layout_loops_ring, minitemple, nemelex_xobeh_ov_fountains_minmay,
          uniq_crazy_yiuf_cottage

Skill      XL: |  1  2 |
---------------+-------+-----
Fighting       | 4 |  4.9
Maces & Flails | |  2.9
Armour         | |  3.2
Shields        | |  3.2

Action                   |  1- 3 |  4- 6 || total
-------------------------+-------+-------++-------
Melee: Flail             |   156 |    15 ||   171
Armor: Scale mail        |    82 |     6 ||    88
Dodge: Dodged            |    49 |     5 ||    54
Block: Kite shield       |    71 |     1 ||    72

Table legend: (Time is in decaauts)
 A = Elapsed time spent in this place.
 B = Non-inter-level travel time spent in this place.
 C = Inter-level travel time spent in this place.
 D = Time resting spent in this place.
 E = Time spent auto-exploring this place.
 F = Levels seen in this place.
 G = Mean time per level.
                   A        B        C        D        E       F      G
               +--------+--------+--------+--------+--------+-----+--------+
         Total |   1817 |   1784 |     33 |      0 |   1431 |   3 |  605.7 |
       Dungeon |   1817 |   1784 |     33 |      0 |   1431 |   3 |  605.7 |
               +--------+--------+--------+--------+--------+-----+--------+

Top non-repeatable levels by time:
     D:1: 1037 daAuts
     D:2: 712 daAuts
     D:3: 67 daAuts
